 Dungeon Crawl Stone Soup version 0.30-a0-857-gcaf70739d4 (webtiles) character file.

Game seed: 11507559701202678220

254912 KleinerIrrer the Fencer (level 19, 0/149 HPs)
             Began as a Demonspawn Gladiator on Mar 4, 2023.
             Was the Champion of Nemelex Xobeh.
             Killed from afar by a lindwurm (29 damage)
             ... with a blast of flame
             ... on level 1 of the Vaults on Mar 5, 2023.
             The game lasted 02:17:33 (41436 turns).

KleinerIrrer the Fencer (Demonspawn Gladiator)     Turns: 41436, Time: 02:17:34

Health: 0/149      AC: 22    Str: 20      XL:     19   Next: 3%
Magic:  0/31       EV: 23    Int:  8 (9)  God:    Nemelex Xobeh [******]
Gold:   402        SH:  0    Dex: 24      Spells: 18/18 levels left

rFire   . . .      SeeInvis +    l - +2 great sword (vamp)
rCold   . . .      Faith    .    (shield currently unavailable)
rNeg    . . .      Spirit   +    H - +0 swamp dragon scales
rPois   +          Reflect  .    r - +2 helmet
rElec   .          Rampage  .    v - +0 cloak
rCorr   .                        (gloves unavailable)
Will    +....                    O - +2 pair of boots
Stlth   +                        Q - amulet of guardian spirit
HPRegen 0.44/turn                f - +6 ring of dexterity
MPRegen 0.44/turn                h - ring of see invisible

@: no status effects
A: demonic guardian 2, magic shield, magic regeneration, sharp scales 1, demonic
touch 3, deterioration 1
}: 2/15 runes: decaying, gossamer
a: Renounce Religion, Draw Escape, Draw Destruction, Draw Summoning, Triple
Draw, Deal Four, Stack Five


You were on level 1 of the Vaults.
You worshipped Nemelex Xobeh.
Nemelex Xobeh was exalted by your worship.
You visited 7 branches of the dungeon, and saw 32 of its levels.
You also visited: Bailey.

You collected 3064 gold pieces.
You spent 2662 gold pieces at shops.

Inventory:

Hand Weapons
 c - a +2 heavy hand crossbow
 l - a +2 vampiric great sword (weapon)
 C - a +4 scimitar of flaming
 U - the +1 falchion of Day {freeze, rElec rN+++ Will+++ Str-3}
   (You found it on level 2 of the Spider Nest)

   Str:       It affects your strength (-3).
   rElec:     It insulates you from electricity.
   rN:        It renders you almost immune to negative energy.
   Will:      It greatly increases your willpower.
Missiles
 a - 2 atropa-tipped darts
 b - a throwing net
 e - 4 javelins (quivered)
 m - 11 curare-tipped darts
 L - 35 poisoned darts
Armour
 r - a +2 helmet (worn)
 v - a +0 cloak (worn)
 G - +4 gold dragon scales
 H - +0 swamp dragon scales (worn)
 O - a +2 pair of boots (worn)
 Z - the +3 kite shield of Too Many Cooks {rElec rC- Int+4 Dex+2}
   (You found it on level 5 of the Lair of Beasts)

   Int:       It affects your intelligence (+4).
   Dex:       It affects your dexterity (+2).
   rC:        It makes you vulnerable to cold.
   rElec:     It insulates you from electricity.
Jewellery
 f - a +6 ring of dexterity (left hand)
 h - a ring of see invisible (right hand)
 o - a ring of resist corrosion
 y - a ring of ice
 I - a ring of flight
 J - a ring of protection from fire
 Q - an amulet of guardian spirit (around neck)
 Y - a +4 ring of protection
Wands
 s - a wand of digging (8)
 z - a wand of paralysis (27)
 N - a wand of roots (6)
 S - a wand of mindburst (38)
 T - a wand of acid (21)
Scrolls
 d - a scroll of summoning {unknown}
 g - 3 scrolls of immolation
 j - 4 scrolls of enchant weapon
 p - a scroll of teleportation
 t - 7 scrolls of magic mapping
 w - 6 scrolls of fog
 A - 7 scrolls of poison
 B - a scroll of brand weapon
 D - a scroll of silence
 F - 8 scrolls of amnesia
 M - 2 scrolls of torment
Potions
 i - 3 potions of might
 n - 8 potions of attraction
 q - 6 potions of flight
 u - a potion of magic
 x - 6 potions of haste
 K - 9 potions of ambrosia
 P - 3 potions of berserk rage
 R - 7 potions of brilliance
 W - 4 potions of lignification
Miscellaneous
 E - a phantom mirror
 X - a piece from Xom's chessboard (15/15)


   Skills:
 - Level 13.1 Fighting
 - Level 18.5 Long Blades
 - Level 6.6 Polearms
 - Level 1.7 Throwing
 + Level 16.9 Armour
 - Level 14.4 Dodging
 - Level 16.8 Invocations


You had 18 spell levels left.
You didn't know any spells.
Your spell library contained the following spells:

 Spells                   Type           Power      Damage    Failure   Level
 Foxfire                  Conj/Fire      0%         2x1d4     52%         1
 Necrotise                Necr           0%         1d4       52%         1
 Shock                    Conj/Air       0%         1d3       52%         1
 Blink                    Tloc           0%         N/A       67%         2
 Cigotuvi's Dreadful Rot  Necr/Pois/Air  0%         N/A       67%         2
 Lesser Beckoning         Tloc           0%         N/A       67%         2
 Momentum Strike          Conj/Tloc      0%         3d8       67%         2
 Poisonous Vapours        Pois/Air       0%         N/A       67%         2
 Dazzling Flash           Conj/Hex       0%         N/A       88%         3
 Ignite Poison            Fire/Tmut/Pois 0%         N/A       88%         3
 Inner Flame              Hex/Fire       0%         N/A       88%         3
 Kindle Blastsparks       Fire/Tloc/Air  0%         2d10      88%         3
 Mephitic Cloud           Conj/Pois/Air  0%         N/A       88%         3
 Portal Projectile        Hex/Tloc       0%         N/A       88%         3
 Swiftness                Air            0%         N/A       88%         3
 Tukima's Dance           Hex            0%         N/A       88%         3
 Vampiric Draining        Necr           0%         2d6       88%         3
 Airstrike                Air            0%         2d(0-16)  99%         4
 Animate Dead             Necr           0%         N/A       99%         4
 Cause Fear               Hex            0%         N/A       99%         4
 Flame Wave               Conj/Fire      0%         2d4       99%         4
 Fulminant Prism          Conj/Hex       0%         3d5       99%         4
 Iskenderun's Mystic Bla  Conj/Tloc      0%         2d3       99%         4
 Olgreb's Toxic Radiance  Pois           0%         N/A       99%         4
 Sticky Flame             Conj/Fire      0%         2d3       99%         4
 Summon Lightning Spire   Summ/Air       0%         N/A       99%         4
 Agony                    Necr           0%         N/A       100%        5
 Blade Hands              Tmut           0%         N/A       100%        5
 Borgnjor's Vile Clutch   Necr/Erth      0%         N/A       100%        5
 Freezing Cloud           Conj/Ice/Air   0%         6-21      100%        5
 Lee's Rapid Deconstruct  Erth           0%         3d4*      100%        5
 Metabolic Englaciation   Hex/Ice        0%         N/A       100%        5
 Summon Forest            Summ/Tloc      0%         N/A       100%        5
 Death Channel            Necr           0%         N/A       100%        6
 Eringya's Noxious Bog    Tmut/Pois      0%         N/A       100%        6
 Ozocubu's Refrigeration  Ice            0%         4d7       100%        7
 Storm Form               Tmut/Air       0%         N/A       100%        7
 Summon Hydra             Summ           0%         N/A       100%        7
 Discord                  Hex            0%         N/A       100%        8
 Ignition                 Fire           0%         3d3       100%        8
 Maxwell's Capacitive Co  Air            0%         ∞         100%        8


Dungeon Overview and Level Annotations

Branches:
Dungeon (15/15)            Temple (0/1) D:7            Lair (5/5) D:11
  Swamp (4/4) Lair:2       Spider (4/4) Lair:3        Slime (0/5) Lair:5
    Orc (2/2) D:12            Elf (0/3) Orc:2        Vaults (1/5) D:13
 Depths (1/4) D:15         Bailey (visited)

Altars:
Fedhas
Gozag
Kikubaaqudgha
Nemelex Xobeh
Ru
Trog
Vehumet
Yredelemnul

Shops:
D:4 *   D:6 (   D:12 (   D:15 [   Orc:1 [   Orc:2 :**[(

Portals:
Pandemonium: Depths:1

Annotations:
D:13 2 transporters
D:15 1 runed translucent door, Ziketel's ghost, journeyman TrMo
Lair:1 exclusion: oklob plant
Swamp:3 2 transporters, fly's ghost, adept DgDe


Innate Abilities, Weirdness & Mutations

A demonic guardian rushes to your aid.
When hurt, damage is shared between your health and your magic reserves.
You regenerate magic rapidly.
You are partially covered in razor-sharp scales. (AC +1, Slay +1)
Your touch may irresistibly damage your foes and sap their willpower.
Your body sometimes deteriorates upon taking damage.


Message History

The lindwurm completely misses you.
The lindwurm claws you but does no damage.
You slash the lindwurm!
You feel better.
The lindwurm is moderately wounded.
Your soul eater hits the lindwurm!!
Your soul eater drains the lindwurm.
You slash the lindwurm!
You feel better.
You kill the lindwurm!
The vault warden shoots a bolt.
The bolt hits your soul eater!
Your soul eater hits the vault warden but does no damage.
The vault warden shoots a bolt.
The bolt hits your soul eater!
Your soul eater hits the vault warden.
The vault warden unwields a +0 arbalest.
The vault warden wields a +2 heavy long sword.
The vault warden hits your soul eater with a +2 heavy long sword!!!
Your soul eater dies!
Your soul eater disappears in a puff of smoke!
The runic seal fades away.
Things that are here:
a +0 shortbow; a centaur corpse You slash the vault warden!
You feel better.
The vault warden is lightly wounded.
The vault warden activates a sealing rune.
You slice the vault warden!!
You feel better.
The vault warden is moderately wounded.
The vault warden hits you with a +2 heavy long sword!!
* * * LOW HITPOINT WARNING * * *
You slice the vault warden!!
The vault warden is severely wounded.
You slash the vault warden!
You feel better.
The vault warden is severely wounded.
The vault warden hits you with a +2 heavy long sword!!
* * * LOW HITPOINT WARNING * * *
A demonic guardian appears!
You slice the vault warden!!
You feel better.
You kill the vault warden!
The runic seal fades away.
The lindwurm breathes flames at you. The blast of flame hits you!!
You die...
Your body glows slightly and disappears.

###+ ######## ....
......# .....
###....# .....
##.##...#...... #
##...##3.#......
#c##.....##@)k.....
#.c......)..#......
##.....##.# .....
##...##..# ....
##.##...# ...
###....# ## ......#
########


You could see a lindwurm (catching breath, ally target) and a friendly smoke
demon (summoned).

Vanquished Creatures
  Bai Suzhen (Spider:4)
  Nikola (Spider:3)
  Rupert (Orc:1)
  2 thorn hunters
  Kirke (Spider:1)
  A storm dragon (Vaults:1)
  2 fenstrider witches
  Donald (Swamp:2)
  3 frost giants
  2 emperor scorpions
  A vault warden (Vaults:1)
  An orc warlord (Orc:1)
  A ghoul (Swamp:2)
  A spriggan defender (Depths:1)
  2 ironbound preservers (Vaults:1)
  5 broodmothers (Spider:4)
  A stone giant (Vaults:1)
  Nessos (Orc:2)
  Azrael (D:13)
  5 eleionomae
  8 spark wasps
  A minotaur (Vaults:1)
  3 bunyips
  An ettin (D:15)
  4 fire dragons
  A shambling mangrove (Swamp:4)
  2 yaktaur captains (Vaults:1)
  18 hydras
  4 entropy weavers
  A rakshasa (Depths:1)
  9 vault guards
  5 jorogumos
  An ice dragon (Depths:1)
  An ogre mage (D:15)
  2 ghost crabs
  2 radroaches (Spider:1)
  8 two-headed ogres
  Erica (Orc:1)
  5 boulder beetles
  11 alligators
  16 centaur warriors
  4 orc high priests
  3 death yaks
  A shock serpent (Spider:1)
  5 skysharks
  3 tengu warriors
  Sonja (Lair:3)
  2 deep elf knights (D:13)
  3 skeletal warriors (D:15)
  5 pharaoh ants
  9 spriggans
  A sun moth (Spider:4)
  4 goliath frogs
  6 orb spiders
  A sea snake (Vaults:1)
  11 deep trolls
  5 bog bodies
  3 spriggan druids
  2 glowing orange brains (Vaults:1)
  10 swamp dragons
  9 harpies
  2 deep elf archers (D:13)
  8 steelbarb worms
  4 lindwurms
  2 ironbound convokers (Vaults:1)
  2 wizards
  A phantasmal warrior (Vaults:1)
  A faun (Spider:1)
  8 deep elf zephyrmancers
  13 deep elf pyromancers
  5 orc knights
  6 orc sorcerers
  10 ugly things
  12 wolf spiders
  7 cyclopes
  4 will-o-the-wisps
  A manticore (Vaults:1)
  3 moths of wrath
  22 cane toads
  2 demonic crawlers (Spider:4)
  4 vault sentinels (Vaults:1)
  7 black mambas
  6 torpor snails
  A kobold demonologist (Bailey)
  5 rime drakes
  An unseen horror (Spider:1)
  A yaktaur (Vaults:1)
  3 komodo dragons (Lair:4)
  3 tengu conjurers
  An efreet (D:14)
  3 red devils (D:12)
  A meliai (Spider:4)
  7 trolls
  24 tarantellas
  20 hornets
  7 tyrant leeches
  A wind drake (Vaults:1)
  18 blink frogs
  8 dream sheep
  A spriggan (shapeshifter) (D:14)
  14 culicivoras
  8 slime creatures
  24 jumping spiders
  A shadow (D:11)
  A wraith (D:11)
  53 yaks
  6 basilisks
  7 wyverns
  3 hogs (Spider:1)
  7 steam dragons
  3 fire elementals (D:13)
  51 redbacks
  9 vampire mosquitoes
  17 swamp worms
  8 wargs
  2 acid dragons
  4 hell hounds (D:13)
  2 floating eyes (Vaults:1)
  8 water moccasins
  40 orc warriors
  5 swamp drakes (Swamp:4)
  A sky beast (D:7)
  2 black bears
  4 boggarts (Vaults:1)
  9 ogres
  22 centaurs
  11 wolves
  2 phantoms
  2 kobold brigands
  21 bullfrogs
  3 necrophages (Swamp:3)
  2 scorpions
  5 wights
  5 electric eels
  3 howler monkeys
  A lava snake (Swamp:4)
  3 jellies (Lair:5)
  9 orc priests
  2 gnoll boudas
  3 hounds
  A sleepcap (D:7)
  4 iguanas
  14 orc wizards
  10 hell rats (D:14)
  Robin (D:1)
  6 adders
  11 gnolls
  2 shadow imps (D:6)
  A white imp (D:5)
  An ufetubus (D:7)
  3 worms
  2 dart slugs
  60 orcs
  6 endoplasms
  2 giant cockroaches
  20 goblins
  13 hobgoblins
  3 jackals (D:4)
  12 kobolds
  A quokka (D:5)
  3 training dummies (D:6)
  7 ball pythons
  5 bats
  4 frilled lizards
  5 rats
1041 creatures vanquished.

Vanquished Creatures (collateral kills)
  Gastronok (D:8)
  A vault warden (Vaults:1)
  An emperor scorpion (D:15)
  A broodmother (Spider:4)
  An eleionoma (Swamp:3)
  3 dire elephants (Vaults:1)
  An entropy weaver (Spider:4)
  An ettin (Depths:1)
  A vault guard (Vaults:1)
  A radroach (Spider:3)
  A jorogumo (Spider:2)
  A centaur warrior (Vaults:1)
  A boulder beetle (Spider:1)
  3 pharaoh ants
  A death drake (D:15)
  A steelbarb worm (Spider:4)
  An ironbound convoker (Vaults:1)
  4 wolf spiders
  A harpy (Vaults:1)
  A red devil (D:12)
  A meliai (Spider:4)
  A polar bear (Lair:3)
  A tarantella (Spider:4)
  A slime creature (Vaults:1)
  2 jumping spiders
  2 culicivoras
  6 redbacks
  A fire elemental (D:13)
  An orc warrior (Orc:1)
  A sky beast (D:8)
  2 orcs
46 creatures vanquished.

Vanquished Creatures (others)
  A hydra (Swamp:4)
  An orb spider (Spider:3)
  2 lindwurms (Swamp:4)
  2 bloated husks
  3 swamp drakes (Swamp:4)
  20 foxfires
  37 fungi
  99 plants
  32 withered plants (Swamp:3)
197 creatures vanquished.

Grand Total: 1284 creatures vanquished

Notes
Turn   | Place    | Note
-------+----------+-------------------------------------------
     0 | D:1      | KleinerIrrer the Demonspawn Gladiator began the quest for
                  | the Orb.
     0 | D:1      | Reached XP level 1. HP: 16/16 MP: 1/1
   203 | D:1      | Gained mutation: Your touch may inflict minor irresistible
                  | damage on your foes. [demonic ancestry]
   203 | D:1      | Reached XP level 2. HP: 23/23 MP: 2/2
   242 | D:1      | Got the Secrets of Crystallized Bombardment
   779 | D:2      | Identified the +0 helmet "Suthru" {rF+ Str-5 Dex+6}
   779 | D:2      | Noticed Robin
   808 | D:1      | Reached XP level 3. HP: 16/29 MP: 3/3
   926 | D:2      | Found a sparkling altar of Nemelex Xobeh.
   956 | D:2      | Became a worshipper of Nemelex Xobeh the Trickster
  1387 | D:1      | Killed Robin
  1472 | D:1      | Gained mutation: You regenerate magic rapidly. [demonic
                  | ancestry]
  1472 | D:1      | Reached XP level 4. HP: 27/38 MP: 4/4
  2006 | D:3      | Reached * piety under Nemelex Xobeh
  2012 | D:3      | Reached skill level 5 in Fighting
  2718 | D:4      | Found Ucseg's Assorted Antiques.
  2726 | D:4      | Bought a scroll of identify for 50 gold pieces
  2778 | D:4      | Reached XP level 5. HP: 43/44 MP: 5/5
  3028 | D:4      | Reached XP level 6. HP: 39/53 MP: 6/6
  3238 | D:5      | Entered Level 5 of the Dungeon
  3255 | D:5      | Noticed a water moccasin
  3716 | D:5      | Killed a water moccasin
  3789 | D:5      | Received a gift from Nemelex Xobeh
  3819 | D:5      | Gained mutation: Your touch may inflict irresistible damage
                  | on your foes. [demonic ancestry]
  3819 | D:5      | Reached XP level 7. HP: 45/60 MP: 7/7
  3966 | D:5      | Found a sacrificial altar of Ru.
  4164 | D:6      | Reached ** piety under Nemelex Xobeh
  4345 | D:6      | Noticed a steam dragon
  4357 | D:6      | Killed a steam dragon
  4680 | D:6      | HP: 2/61 [water moccasin (8)]
  4683 | D:6      | Reached skill level 5 in Dodging
  4858 | D:6      | Reached XP level 8. HP: 59/68 MP: 8/8
  5100 | D:6      | Found Aficig's Firing Range.
  5640 | D:7      | Reached skill level 5 in Polearms
  6009 | D:7      | Found a staircase to the Ecumenical Temple.
  6390 | D:8      | Noticed Gastronok
  6415 | D:8      | Killed Gastronok
  6416 | D:8      | Reached XP level 9. HP: 10/77 MP: 9/9
  6789 | D:8      | Reached *** piety under Nemelex Xobeh
  6919 | D:8      | Reached skill level 1 in Long Blades
  6926 | D:8      | Reached skill level 2 in Long Blades
  7274 | D:9      | Reached skill level 3 in Long Blades
  7287 | D:9      | Reached skill level 4 in Long Blades
  7402 | D:9      | Found a flagged portal.
  7411 | Bailey   | Entered a bailey
  7509 | Bailey   | Gained mutation: You are partially covered in razor-sharp
                  | scales. (AC +1, Slay +1) [demonic ancestry]
  7509 | Bailey   | Reached XP level 10. HP: 83/83 MP: 10/10
  7905 | Bailey   | Reached skill level 5 in Long Blades
  8019 | Bailey   | Found an iron altar of Okawaru.
  8221 | D:9      | Received a gift from Nemelex Xobeh
  8243 | D:9      | Reached skill level 6 in Long Blades
  8476 | D:9      | Received a gift from Nemelex Xobeh
  8698 | D:9      | Found a basalt altar of Yredelemnul.
  8991 | D:10     | Entered Level 10 of the Dungeon
  9083 | D:10     | Reached skill level 7 in Long Blades
  9290 | D:10     | Found the +16 obsidian axe {drain, demonic, Mesm Drain Fly
                  | SInv}
  9303 | D:10     | Reached **** piety under Nemelex Xobeh
  9550 | D:10     | Found a radiant altar of Vehumet.
  9551 | D:10     | Found an ancient bone altar of Kikubaaqudgha.
  9552 | D:10     | Found an opulent altar of Gozag.
  9553 | D:10     | Found a sparkling altar of Nemelex Xobeh.
  9789 | D:11     | Received a gift from Nemelex Xobeh
  9841 | D:11     | Reached skill level 8 in Long Blades
  9851 | D:11     | Gained mutation: A weak demonic guardian rushes to your
                  | aid. [demonic ancestry]
  9851 | D:11     | Reached XP level 11. HP: 89/89 MP: 11/11
  9900 | D:11     | Noticed a two-headed ogre
  9913 | D:11     | Killed a two-headed ogre
  9991 | D:11     | Noticed a two-headed ogre
  9999 | D:11     | Killed a two-headed ogre
 10228 | D:11     | Found a staircase to the Lair.
 10333 | Lair:1   | Entered Level 1 of the Lair of Beasts
 10341 | Lair:1   | Reached skill level 9 in Long Blades
 10387 | Lair:1   | Found a blossoming altar of Fedhas.
 10627 | Lair:1   | Reached ***** piety under Nemelex Xobeh
 10896 | Lair:1   | Noticed an oklob plant
 11201 | Lair:2   | Reached skill level 10 in Long Blades
 11203 | Lair:2   | Received a gift from Nemelex Xobeh
 11229 | Lair:2   | Noticed a bog body
 11303 | Lair:2   | Reached skill level 10 in Dodging
 11303 | Lair:2   | Reached skill level 1 in Invocations
 11638 | Lair:2   | Noticed a death yak
 11648 | Lair:2   | Killed a death yak
 11667 | Lair:2   | Noticed a five-headed hydra
 11669 | Lair:2   | Gained mutation: Your touch may irresistibly damage your
                  | foes and sap their willpower. [demonic ancestry]
 11669 | Lair:2   | Reached XP level 12. HP: 96/96 MP: 14/14
 11685 | Lair:2   | Killed a ten-headed hydra
 11686 | Lair:2   | Reached skill level 11 in Long Blades
 11844 | Lair:2   | Found a staircase to the Swamp.
 12354 | Lair:3   | Received a gift from Nemelex Xobeh
 12410 | Lair:3   | Reached skill level 5 in Invocations
 12905 | Lair:3   | Received a gift from Nemelex Xobeh
 12956 | Lair:3   | Found a hole to the Spider Nest.
 13335 | Lair:3   | Noticed Sonja
 13337 | Lair:3   | Killed Sonja
 13452 | Lair:4   | Noticed a five-headed hydra
 13461 | Lair:3   | Reached skill level 12 in Long Blades
 13781 | Lair:4   | Killed a five-headed hydra
 14071 | Lair:4   | Reached XP level 13. HP: 95/101 MP: 18/18
 14192 | Lair:4   | Received a gift from Nemelex Xobeh
 14291 | Lair:5   | Entered Level 5 of the Lair of Beasts
 14291 | Lair:5   | Reached ****** piety under Nemelex Xobeh
 14414 | Lair:5   | Reached skill level 13 in Long Blades
 15232 | Lair:4   | Reached skill level 14 in Long Blades
 15286 | Lair:5   | Received a gift from Nemelex Xobeh
 15351 | Lair:5   | Reached skill level 10 in Invocations
 15644 | Lair:5   | Received a gift from Nemelex Xobeh
 15677 | Lair:5   | Found a staircase to the Slime Pits.
 16030 | Lair:5   | Identified the +3 kite shield of Too Many Cooks {rElec rC-
                  | Int+4 Dex+2}
 16096 | Lair:5   | Reached XP level 14. HP: 65/108 MP: 21/21
 16592 | D:12     | Found a staircase to the Orcish Mines.
 16594 | D:12     | Found Wixzuist's Weapon Shoppe.
 16649 | D:12     | Received a gift from Nemelex Xobeh
 17150 | Orc:1    | Entered Level 1 of the Orcish Mines
 17299 | Orc:1    | Noticed Erica
 17302 | Orc:1    | Killed Erica
 17303 | Orc:1    | Reached skill level 15 in Long Blades
 17443 | Orc:1    | Received a gift from Nemelex Xobeh
 17617 | Orc:2    | Entered Level 2 of the Orcish Mines
 17617 | Orc:2    | Found Bimuotriph's Book Shoppe.
 17618 | Orc:2    | Noticed an orc warlord
 17678 | Orc:1    | Killed an orc warlord
 17803 | Orc:2    | Noticed Nessos
 17959 | Orc:2    | Noticed Rupert
 18001 | Orc:1    | Killed Rupert
 18031 | Orc:2    | Killed Nessos
 18142 | Orc:2    | Gained mutation: Your body sometimes deteriorates upon
                  | taking damage. [a neqoxec]
 18309 | Orc:2    | Found Ofufuotz's General Store.
 18312 | Orc:2    | Bought a potion of curing for 42 gold pieces
 18335 | Orc:2    | Found a staircase to the Elven Halls.
 18348 | Orc:2    | Found Wunlila's Antique Weapon Emporium.
 18428 | Orc:2    | Found Vugudacw's Antique Armour Emporium.
 18448 | Orc:2    | Bought a runed scarf for 200 gold pieces
 18448 | Orc:2    | Bought a cloak for 112 gold pieces
 18510 | Orc:2    | Found Itynat's General Store.
 18591 | Orc:2    | Found a runed translucent door.
 18827 | Orc:2    | Paralysed by an orc sorcerer for 5 turns
 18914 | Orc:2    | Paralysed by an orc sorcerer for 5 turns
 19152 | Orc:1    | Found Fixin's Armour Shoppe.
 19152 | Orc:1    | Received a gift from Nemelex Xobeh
 19396 | Orc:1    | HP: 4/101 [soul eater[an orc high priest] (8)]
 19668 | Orc:1    | Upgraded the game from 0.30-a0-851-gbd0d260d8e to
                  | 0.30-a0-857-gcaf70739d4
 19829 | D:13     | Received a gift from Nemelex Xobeh
 19911 | D:13     | Found a transporter.
 19980 | D:13     | Noticed Azrael
 20015 | D:13     | Killed Azrael
 20183 | D:13     | Reached skill level 16 in Long Blades
 20186 | D:13     | Reached XP level 15. HP: 50/115 MP: 5/24
 20292 | D:13     | Found a gate to the Vaults.
 20429 | Orc:2    | Bought a manual of Armour for 1040 gold pieces
 20588 | D:13     | Received a gift from Nemelex Xobeh
 20642 | D:13     | Reached skill level 1 in Armour
 20652 | D:13     | Reached skill level 10 in Fighting
 21378 | D:13     | Found a transporter.
 21403 | D:13     | Found a transporter.
 21442 | D:13     | Found a transporter.
 21553 | D:14     | Identified the +1 ring mail of Bitterness {rC+ SInv Stlth+}
 21617 | D:14     | Received a gift from Nemelex Xobeh
 21693 | D:14     | Reached skill level 5 in Armour
 22587 | D:15     | Entered Level 15 of the Dungeon
 22872 | D:15     | Received a gift from Nemelex Xobeh
 22945 | D:15     | Found a runed translucent door.
 22948 | D:15     | Noticed Ziketel's ghost (journeyman TrMo)
 23383 | D:15     | Found Rofioshu's Armour Boutique.
 23483 | D:15     | Found a staircase to the Depths.
 23597 | D:15     | Received a gift from Nemelex Xobeh
 23748 | D:15     | Identified the +4 trident of Gazing Anguish {heavy, Fragile
                  | rElec rN+ rCorr}
 23907 | Swamp:1  | Entered Level 1 of the Swamp
 23971 | Swamp:1  | Reached XP level 16. HP: 104/125 MP: 22/26
 24383 | Swamp:1  | Received a gift from Nemelex Xobeh
 24524 | Swamp:1  | Reached skill level 10 in Armour
 25977 | Swamp:2  | Received a gift from Nemelex Xobeh
 26037 | Swamp:2  | Noticed Donald
 26047 | Swamp:2  | Killed Donald
 26464 | Swamp:3  | Noticed a thorn hunter
 26484 | Swamp:2  | Killed a thorn hunter
 26848 | Swamp:3  | Found a transporter.
 26950 | Swamp:3  | Found a transporter.
 26959 | Swamp:3  | Found a bloodstained altar of Trog.
 26973 | Swamp:3  | Noticed fly's ghost (adept DgDe)
 27146 | Swamp:3  | Received a gift from Nemelex Xobeh
 28146 | Swamp:4  | Entered Level 4 of the Swamp
 28367 | Swamp:4  | Received a gift from Nemelex Xobeh
 28860 | Swamp:4  | Noticed a thorn hunter
 28870 | Swamp:4  | Killed a thorn hunter
 29295 | Swamp:4  | Received a gift from Nemelex Xobeh
 30096 | Swamp:4  | Reached skill level 15 in Invocations
 30096 | Swamp:4  | Reached XP level 17. HP: 92/131 MP: 20/28
 30375 | Swamp:4  | Reached skill level 17 in Long Blades
 30747 | Swamp:4  | Got a decaying rune of Zot
 30993 | Spider:1 | Entered Level 1 of the Spider Nest
 31401 | Spider:1 | Noticed Kirke
 31434 | Spider:1 | Killed Kirke
 31851 | Spider:1 | Received a gift from Nemelex Xobeh
 32868 | Spider:1 | Identified the +2 buckler "Etup" {+Inv rPois Stlth+}
 33332 | Spider:2 | You fall into a shaft and drop 1 floor!
 33354 | Spider:3 | Received a gift from Nemelex Xobeh
 33615 | Spider:2 | Identified the +1 falchion of Day {freeze, rElec rN+++
                  | Will+++ Str-3}
 34527 | Spider:3 | Noticed Nikola
 34548 | Spider:3 | Killed Nikola
 35344 | Spider:4 | Entered Level 4 of the Spider Nest
 35518 | Spider:4 | Received a gift from Nemelex Xobeh
 36283 | Spider:4 | Received a gift from Nemelex Xobeh
 36739 | Spider:4 | Reached skill level 18 in Long Blades
 36739 | Spider:4 | Gained mutation: When hurt, damage is shared between your
                  | health and your magic reserves. [demonic ancestry]
 36739 | Spider:4 | Reached XP level 18. HP: 83/141 MP: 14/30
 37416 | Spider:4 | Noticed Bai Suzhen
 37427 | Spider:4 | Killed Bai Suzhen
 37746 | Spider:4 | Reached skill level 15 in Armour
 38250 | Spider:4 | Got a gossamer rune of Zot
 38619 | Orc:1    | Bought +1 gold dragon scales for 1218 gold pieces
 38779 | Depths:1 | Entered Level 1 of the Depths
 38783 | Depths:1 | Found a one-way gate leading to the halls of Pandemonium.
 39466 | Vaults:1 | Entered Level 1 of the Vaults
 39721 | Vaults:1 | Received a gift from Nemelex Xobeh
 39839 | Vaults:1 | HP: 5/143 [harpy (6)]
 39868 | Vaults:1 | Received a gift from Nemelex Xobeh
 41331 | Vaults:1 | Gained mutation: A demonic guardian rushes to your aid.
                  | [demonic ancestry]
 41331 | Vaults:1 | Reached XP level 19. HP: 137/149 MP: 16/31
 41436 | Vaults:1 | Killed from afar by a lindwurm

Illustrated notes

Levels and vault maps discovered:
D:1:      amcnicky_arrival_wind_blow, layout_basic, glass_columns_a,
          chequers_mini_garden
D:2:      layout_basic, basic_altar, grunt_ministairs_14, uniq_robin
D:3:      layout_loops_corners, nrook_campfire
D:4:      layout_basic, serial_shops, shop
D:5:      layout_basic, nicolae_ru_the_path_less_chosen, moated_statue
D:6:      layout_basic, minmay_misc_feat_tiny, nicolae_shop_firing_range
D:7:      layout_cave_pools, minmay_temple_entry_mist
D:8:      layout_rooms, uniq_gastronok
D:9:      layout_long_grid, lemuel_round_altar, enter_bailey_2,
          chequers_serial_rivers_small_b
D:10:     layout_roguey, nicolae_elyvilon_peaceful_grove,
          mainiacjoe_overflow_alcove_3, dreamdust_deal_with_the_devil
D:11:     layout_rooms, lair_entry_dummy, serial_corexii_hall,
          corexii_hall_statues_x, chequers_hall_statues_y
D:12:     layout_basic, orc_david_3, grunt_decor_cap,
          einodemon_armed_red_devil_minivault
D:13:     minmay_elf_outpost, layout_rooms, erik_vaults_2,
          nicolae_diode_intersection, uniq_azrael
D:14:     layout_rooms, special_room [special_room_mythical_zoo]
D:15:     hangedman_depths_entry_civil_slaughter, layout_cave_pods,
          ebering_ghost_funeral_grove, serial_shops, shop
Lair:1:   minmay_lair_oklob_chamber, layout_chaotic_city, basic_altar,
          infiniplex_staircase_pool
Lair:2:   nzn_winding_woodlands_cross [nzn_winding_woodlands_5x15_eye,
          nzn_winding_woodlands_5x15_sidewinder,
          nzn_winding_woodlands_5x15_pathside_ponds,
          nzn_winding_woodlands_5x15_zeroes,
          nzn_winding_woodlands_15x15_eel_pit], layout_long_grid,
          nicolae_swamp_entry_splash_gauntlet, dreamdust_wasp_nest
Lair:3:   layout_cave_pods, nicolae_spider_entry_tight_spaces,
          pdpol_lair_neglected_garden, lemuel_fruit_tree, uniq_sonja
Lair:4:   layout_roguey, chequers_serial_rivers_small_b
Lair:5:   minmay_lair_end_frog_pond, layout_regular_city,
          minmay_slime_entry_pillars
Swamp:1:  layout_basic_swamp, evilmike_swamp_ruin_house_6, swamp_pool4
Swamp:2:  layout_basic_swamp, nicolae_swamp_tree_isthmus,
          infiniplex_staircase_pool_2, uniq_donald
Swamp:3:  layout_basic_swamp, gammafunk_ghost_wrathful_warriors,
          hangedman_swamp_diagram, st_shrine_of_shade
Swamp:4:  swamp_fiery, layout_basic_swamp, swamp_pool3
Spider:1: layout_spider_delve, nicolae_spider_jagged_tunnels, uniq_kirke
Spider:2: layout_spider_delve
Spider:3: layout_spider_delve, nicolae_spider_cling_halls, uniq_nikola
Spider:4: hellmonk_spider_rune_endless_swarm, uniq_bai_suzhen
Orc:1:    layout_diamond_mine, basic_altar, serial_shops, shop, uniq_erica
Orc:2:    grunt_orc_gardens, layout_caves, grunt_orc_garden, grunt_orc_garden,
          grunt_orc_garden, grunt_orc_garden, serial_shops,
          nicolae_shop_window_shopping, lightli_church_of_beogh, uniq_nessos,
          uniq_rupert
Vaults:1: v_misc_8, vaults_room_pools, nicolae_vaults_ring_of_whatevers,
          ontoclasm_vaults_hangar, dpeg_vaults_pockets_of_resistance, v_misc_28,
          hangedman_vaults_stream, nicolae_vaults_what_the_h,
          vaults_standard_mumra_enter_the_diamond, layout_vaults_maze_snakey
Depths:1: layout_big_octagon, grunt_hell_entry_dis_grunt, pan_entry,
          hangedman_abyss_or_decor_stabs, doesnt_xom_only_xom, firewood_loft

Skill      XL: |  1  2  3  4  5  6  7  8  9 10 11 12 13 14 15 16 17 18 |
---------------+-------------------------------------------------------+-----
Fighting       | 3 4 5 6 7 8 9 11 12 13 | 13.1
Dodging        | 3 4 5 7 8 10 11 12 13 14 | 14.4
Polearms       | 6 |  6.6
Long Blades    | 4 8 10 12 14 16 18 | 18.5
Invocations    | 3 7 10 12 14 15 16 | 16.8
Armour         | 9 14 16 | 16.9
Throwing       | |  1.7

Action                     |  1- 3 |  4- 6 |  7- 9 | 10-12 | 13-15 | 16-18 | 19-21 || total
---------------------------+-------+-------+-------+-------+-------+-------+-------++-------
  Melee: Trident           |    90 |   132 |   186 |       |       |       |       ||   408
         Touch             |     6 |    20 |    55 |   114 |   270 |   391 |       ||   856
         Punch             |       |     3 |     2 |    11 |    12 |    27 |       ||    55
         Unarmed           |       |       |     4 |       |       |       |       ||     4
         Long sword        |       |       |    41 |   532 |   447 |       |       ||  1020
         Short sword       |       |       |       |     2 |     5 |       |       ||     7
         Scimitar          |       |       |       |       |   737 |   944 |       ||  1681
         Great sword       |       |       |       |       |     7 |    43 |    37 ||    87
         Falchion          |       |       |       |       |       |   673 |       ||   673
   Fire: Hand crossbow     |       |       |       |    22 |    13 |       |       ||    35
  Throw: Throwing net      |       |     3 |     2 |     4 |       |       |       ||     9
         Javelin           |       |     1 |       |     1 |     1 |     2 |       ||     5
 Invoke: Draw Destruction  |       |       |     1 |     1 |     6 |    54 |       ||    62
         Draw Summoning    |       |       |     1 |     1 |     3 |    18 |       ||    23
         Draw Escape       |       |       |       |     2 |       |     5 |       ||     7
         Stack Five        |       |       |       |       |     1 |       |       ||     1
         Draw Stack        |       |       |       |       |     1 |     4 |       ||     5
         Deal Four         |       |       |       |       |       |     8 |       ||     8
         Triple Draw       |       |       |       |       |       |     1 |       ||     1
  Evoke: Wand              |       |       |       |     3 |       |       |       ||     3
    Use: Potion            |     1 |     4 |     7 |     2 |     7 |    26 |     1 ||    48
         Scroll            |       |     4 |     8 |    10 |     8 |    18 |     2 ||    50
   Stab: Sleeping          |     2 |     6 |     2 |     7 |     2 |     2 |       ||    21
         Held in net/web   |       |       |       |     1 |       |       |       ||     1
         Distracted        |       |       |       |     1 |     7 |     5 |       ||    13
         Petrified         |       |       |       |       |       |     3 |       ||     3
         Petrifying        |       |       |       |       |       |     2 |       ||     2
         Invisible         |       |       |       |       |       |     1 |       ||     1
 Armour: Leather armour    |    36 |    23 |    24 |    11 |     9 |    21 |       ||   124
         Steam dragon scal |       |       |       |     2 |       |       |       ||     2
         Troll leather arm |       |       |       |    63 |    94 |       |       ||   157
         Skin              |       |       |       |    39 |       |       |       ||    39
         Ring mail         |       |       |       |       |    61 |     7 |       ||    68
         Swamp dragon scal |       |       |       |       |       |   562 |    31 ||   593
         Gold dragon scale |       |       |       |       |       |   321 |       ||   321
  Dodge: Dodged            |    45 |    74 |   207 |   423 |  1200 |  1859 |    76 ||  3884
  Block: Other             |       |       |       |    75 |    69 |       |       ||   144
         Kite shield       |       |       |       |       |       |    36 |       ||    36

Table legend: (Time is in decaauts)
 A = Elapsed time spent in this place.
 B = Non-inter-level travel time spent in this place.
 C = Inter-level travel time spent in this place.
 D = Time resting spent in this place.
 E = Time spent auto-exploring this place.
 F = Levels seen in this place.
 G = Mean time per level.
                   A        B        C        D        E       F      G
               +--------+--------+--------+--------+--------+-----+--------+
         Total |  40767 |  34852 |   5915 |  10264 |  15971 |  33 | 1235.4 |
       Dungeon |  15181 |  13460 |   1721 |   1875 |   8839 |  15 | 1012.1 |
          Lair |   6468 |   5357 |   1111 |    908 |   2972 |   5 | 1293.6 |
         Swamp |   6264 |   5404 |    860 |   2638 |   1671 |   4 | 1566.0 |
   Spider Nest |   7156 |   5644 |   1512 |   3119 |    947 |   4 | 1789.0 |
  Orcish Mines |   2711 |   2219 |    492 |    540 |    994 |   2 | 1355.5 |
        Vaults |   1843 |   1748 |     95 |    799 |    440 |   1 | 1843.0 |
        Depths |    348 |    226 |    122 |     96 |     38 |   1 |  348.0 |
        Bailey |    793 |    793 |      0 |    288 |     69 |   1 |  793.0 |
               +--------+--------+--------+--------+--------+-----+--------+

Top non-repeatable levels by time:
Spider:4: 2859 daAuts
 Swamp:4: 2523 daAuts
Spider:1: 2264 daAuts
Vaults:1: 1843 daAuts
    D:13: 1720 daAuts
Spider:2: 1579 daAuts
  Lair:2: 1517 daAuts
 Swamp:2: 1464 daAuts
    D:15: 1451 daAuts
   Orc:1: 1362 daAuts
     D:6: 1349 daAuts
   Orc:2: 1348 daAuts
  Lair:4: 1333 daAuts
 Swamp:3: 1319 daAuts
  Lair:5: 1309 daAuts
